 Dungeon Crawl Stone Soup version 0.23-a0-344-ge122d05 (webtiles) character file.

1004 Loudmushroom the Covered (level 8, -2/50 HPs)
             Began as a Gargoyle Fighter on Oct 19, 2018.
             Killed by divine providence
             ... invoked by an orc priest
              (11 damage)
             ... on level 5 of the Dungeon.
             The game lasted 00:22:13 (4340 turns).

Loudmushroom the Covered (Gargoyle Fighter)         Turns: 4340, Time: 00:22:13

Health: -2/50      AC: 18    Str: 22    XL:     8   Next: 20%
Magic:  9/9        EV:  6    Int:  9    God:
Gold:   222        SH: 10    Dex:  9    Spells: 7/7 levels left

rFire    . . .     SeeInvis .   a - +4 flail (protect)
rCold    . . .     Gourm    .   c - +0 shield
rNeg     + . .     Faith    .   y - +0 chain mail
rPois    ∞         Spirit   .   j - +2 helmet
rElec    +         Reflect  .   (no cloak)
rCorr    .         Harm     .   (no gloves)
MR       .....                  (no boots)
Stlth    ..........             l - amulet of regeneration
HPRegen  0.56/turn              (no ring)
MPRegen  0.11/turn              (no ring)

@: no status effects
A: negative energy resistance 1, electricity resistance, unbreathing,
petrification resistance, rot immunity, AC +5
a: no special abilities


You were on level 5 of the Dungeon.
You were not hungry.

You visited 1 branch of the dungeon, and saw 5 of its levels.

You collected 222 gold pieces.

Inventory:

Hand Weapons
 a - a +4 flail of protection (weapon)
 b - a +0 hunting sling of freezing
 z - a +0 war axe
Missiles
 i - 17 bolts
 n - 41 sling bullets
 o - 104 stones (quivered)
 r - 15 poisoned needles
Armour
 c - a +0 shield (worn)
 j - a +2 helmet (worn)
 y - a +0 chain mail (worn)
Jewellery
 l - an amulet of regeneration (around neck)
Wands
 v - a wand of flame (31)
Scrolls
 e - 2 scrolls of fog
 g - a scroll of random uselessness {unknown}
 h - 2 scrolls of identify
 q - a scroll of teleportation
 u - 2 scrolls of immolation
 w - 3 scrolls of remove curse
Potions
 d - a potion of might
 m - 5 potions of curing
 p - a potion of berserk rage {unknown}
 x - a potion of agility {unknown}
Comestibles
 f - 7 rations
 k - 4 chunks of flesh


   Skills:
 + Level 5.4 Fighting
 * Level 5.4 Axes
 + Level 5.5 Armour
 + Level 5.4 Shields
 + Level 1.7 Evocations


You had 7 spell levels left.
You didn't know any spells.
Your spell library was empty.

Dungeon Overview and Level Annotations

Branches:
Dungeon (5/15)
 Temple: D:4-7

Altars:
Beogh

Annotations:
D:3 3 runed doors, Garbasso's ghost, amateur OgTm


Innate Abilities, Weirdness & Mutations

You are resistant to torment.
Your stone body is resilient. (AC +5)
You are immune to poison.
You resist negative energy. (rN+)
You are resistant to electric shocks. (rElec)
You can survive without breathing.
You are immune to petrification.
You are immune to rotting.


Message History

The orc priest casts a cantrip, but nothing happens.
The orc priest casts a cantrip, but nothing happens.
The orc priest invokes the aid of Beogh against you.
Beogh smites you!
The phantom blinks!
There is an open door here.
The phantom blinks!
The orc priest calls down the wrath of Beogh upon you.
Beogh smites you!
There is a stone staircase leading down here.
The orc priest calls down the wrath of Beogh upon you.
Beogh smites you!
The orc priest invokes the aid of Beogh against you.
Pain shoots through your body!
The orc priest mumbles some strange prayers to Beogh against you.
Beogh smites you!
* * * LOW HITPOINT WARNING * * *
The orc priest invokes the aid of Beogh against you.
Beogh smites you!
You die...

.#.##.........#
.#.##..o......#
.#.##.........#
.#.##.#'#######
.#.##.#o### ......÷.o>#
##.##.#.#.#
#.##.#.#W##############
#.##.#.#o.o....@.......
#.##.#.###############.
.#.##.#.#.......###
.#.##............<#
.#.##.#.###.###....
.#.##.#.# #.# #
.#.##.#.# #.#
.#.####.###.#########
.#..................#


You could see a phantom and 2 orc priests.

Vanquished Creatures
  Eustachio (D:5)
  Edmund (D:4)
  An ice beast (D:5)
  A howler monkey (D:5)
  A bullfrog zombie (D:5)
  A bullfrog skeleton (D:5)
  A centaur skeleton (D:5)
  3 hounds
  A jelly (D:5)
  Terence (D:3)
  Natasha (thrice) (D:3)
  An iguana (D:5)
  Ijyb (D:4)
  4 worker ants
  4 gnolls
  An adder (D:5)
  2 oozes (D:2)
  An adder zombie (D:5)
  A worm (D:2)
  3 dart slugs
  4 leopard geckos
  12 orcs
  2 giant cockroaches
  4 goblins
  5 hobgoblins
  11 jackals
  2 quokkas (D:4)
  A ball python (D:3)
  A ball python skeleton (D:4)
  9 bats
  5 frilled lizards
  5 kobolds
  A leopard gecko skeleton (D:4)
  A quokka skeleton (D:3)
  6 rats
102 creatures vanquished.

Notes
Turn   | Place    | Note
-------+----------+-------------------------------------------
     0 | D:1      | Loudmushroom the Gargoyle Fighter began the quest for the
                  | Orb.
     0 | D:1      | Reached XP level 1. HP: 14/14 MP: 1/1
   147 | D:1      | Reached XP level 2. HP: 19/19 MP: 2/2
  1011 | D:2      | Reached XP level 3. HP: 17/23 MP: 3/3
  1698 | D:3      | Noticed Natasha
  1708 | D:3      | Killed Natasha
  1708 | D:3      | Reached XP level 4. HP: 29/29 MP: 4/4
  1867 | D:3      | Reached XP level 5. HP: 33/33 MP: 5/5
  2023 | D:3      | Noticed Natasha
  2029 | D:3      | Killed Natasha
  2232 | D:3      | Noticed Natasha
  2240 | D:3      | Killed Natasha
  2291 | D:3      | Found a runed gate.
  2292 | D:3      | Found a runed gate.
  2292 | D:3      | Noticed Garbasso's ghost (amateur OgTm)
  2293 | D:3      | Found a runed gate.
  2294 | D:3      | Found a roughly hewn altar of Beogh.
  2398 | D:3      | Noticed Terence
  2412 | D:3      | Killed Terence
  2590 | D:4      | Reached XP level 6. HP: 39/39 MP: 6/6
  2601 | D:4      | Noticed Ijyb
  2612 | D:4      | Killed Ijyb
  3035 | D:4      | Noticed Edmund
  3064 | D:4      | Killed Edmund
  3064 | D:4      | Reached XP level 7. HP: 24/44 MP: 7/7
  3711 | D:5      | Entered Level 5 of the Dungeon
  3752 | D:5      | Reached skill level 5 in Armour
  3758 | D:5      | Reached skill level 5 in Fighting
  3758 | D:5      | Reached skill level 5 in Shields
  3811 | D:5      | Noticed Eustachio
  3898 | D:5      | Killed Eustachio
  3898 | D:5      | Reached skill level 5 in Axes
  3898 | D:5      | Reached skill level 1 in Evocations
  3957 | D:5      | Reached XP level 8. HP: 49/49 MP: 7/9
  4340 | D:5      | Killed from afar by an orc priest

Vault maps used:
D:1:      dpeg_arrival_leaves_temple_mockup, hex_intersection
D:2:      serial_glass, glass_columns_a, glass_columns_a, serial_bayou_pond_a
D:3:      biasface_ghost_orc_armoury, first_ration, glass_columns_a,
          uniq_terence, uniq_natasha
D:4:      uniq_edmund, uniq_ijyb
D:5:      uniq_eustachio

Skill      XL: |  1  2  3  4  5  6  7 |
---------------+----------------------+-----
Axes           | 2 3 4 5 |  5.4
Fighting       | 4 5 |  5.4
Armour         | 4 5 |  5.5
Shields        | 4 5 |  5.4
Evocations     | 1 |  1.7

Action                   |  1- 3 |  4- 6 |  7- 9 || total
-------------------------+-------+-------+-------++-------
Melee: War axe           |   145 |   141 |    33 ||   319
       Flail             |       |       |   111 ||   111
  Use: Scroll            |       |       |     9 ||     9
  Eat: Chunk             |     3 |     4 |     2 ||     9
       Ration            |       |       |     1 ||     1
Armor: Scale mail        |   130 |    32 |       ||   162
       Chain mail        |       |    60 |   160 ||   220
Dodge: Dodged            |    59 |    38 |    36 ||   133
Block: Shield            |    82 |    93 |    99 ||   274

Table legend:
 A = Non-vault XP
 B = Vault XP
 C = Vault XP percentage of total XP
 D = Non-vault monster count
 E = Vault monster count
 F = Vault count percentage of total count
                 A         B        C        D         E       F
            +---------+---------+-------+---------+---------+-------
      Total |     951 |     484 |  33.7 |      97 |       5 |   4.9
            +---------+---------+-------+---------+---------+-------
        D:1 |      31 |       0 |   0.0 |      20 |       0 |   0.0
        D:2 |      87 |       0 |   0.0 |      20 |       0 |   0.0
        D:3 |     106 |      74 |  41.1 |      15 |       2 |  11.8
        D:4 |     199 |     199 |  50.0 |      24 |       2 |   7.7
        D:5 |     528 |     211 |  28.6 |      18 |       1 |   5.3
            +---------+---------+-------+---------+---------+-------
